 Dungeon Crawl Stone Soup version 0.31-a0-234-gad7ace16ef (webtiles) character file.

Game seed: 5619332277270663853

130 qw the Shooter (level 4, -4/36 HPs)
             Began as a Minotaur Hexslinger on July 9, 2023.
             Slain by a black bear (12 damage)
             ... on level 3 of the Dungeon.
             The game lasted 00:00:45 (2180 turns).

qw the Shooter (Minotaur Hexslinger)                Turns: 2180, Time: 00:00:45

Health: -4/36      AC:  3    Str: 13    XL:     4   Next: 90%
Magic:  0/4        EV: 12    Int: 10    God:
Gold:   170        SH:  0    Dex: 14    Spells: 4/5 levels left

rFire   . . .        Y - +1 sling
rCold   + . .        (no shield)
rNeg    . . .        c - +0 robe
rPois   .            (helmet restricted)
rElec   .            (no cloak)
rCorr   .            a - +0 pair of gloves
SInv    .            (no boots)
Will    .....        g - amulet of guardian spirit
Stlth   +            l - ring of protection from cold
HPRegen 0.26/turn    (no ring)
MPRegen 0.09/turn

%: guardian spirit
@: no status effects
A: horns 2, retaliatory headbutt
a: no special abilities


You were on level 3 of the Dungeon.
You visited 1 branch of the dungeon, and saw 3 of its levels.

You collected 170 gold pieces.


Innate Abilities, Weirdness & Mutations

You have a pair of horns on your head.
You reflexively headbutt those who attack you in melee.


   Skills:
 + Level 2.0 Fighting
 - Level 5.4 Ranged Weapons
 - Level 2.1 Dodging
 - Level 1.0 Spellcasting
 - Level 2.0 Hexes


You had 4 spell levels left.
You knew the following spells:

 Your Spells              Type           Power      Damage    Failure   Level
a - Slow                  Hex            16%        N/A       16%         1

Your spell library contained the following spells:

 Spells                   Type           Power      Damage    Failure   Level
 Inner Flame              Hex/Fire       2%         N/A       56%         3
 Portal Projectile        Hex/Tloc       4%         N/A       56%         3
 Cause Fear               Hex            2%         N/A       83%         4

Inventory:

Hand Weapons
 Y - a +1 sling (weapon)
Armour
 a - a +0 pair of gloves (worn)
 c - a +0 robe (worn)
 j - a +0 leather armour
 n - a +0 ring mail
Jewellery
 e - an amulet of the acrobat
 g - an amulet of guardian spirit (around neck)
 l - a ring of protection from cold (left hand)
Scrolls
 f - a scroll of identify
 m - a scroll of enchant weapon {unknown}
Potions
 b - a potion of lignification {unknown}
 h - a potion of attraction {unknown}
 k - a potion of cancellation {unknown}

Dungeon Overview and Level Annotations

Branches:
Dungeon (3/15)

Altars:

Shops:
D:3 *


Message History

You shoot a sling bullet.
The sling bullet hits the black bear but does no damage.
The black bear is severely wounded.
The black bear goes berserk!
You shoot a sling bullet.
The sling bullet hits the black bear but does no damage.
The black bear is severely wounded.
You shoot a sling bullet. The sling bullet hits the black bear.
The black bear is almost dead.
The black bear bites you.
The black bear claws you but does no damage.
The black bear closely misses you.
The black bear bites you but does no damage.
The black bear claws you. The black bear closely misses you.
You shoot a sling bullet.
The sling bullet barely misses the black bear.
The black bear misses you.
The black bear claws you but does no damage.
The black bear claws you. The black bear bites you.
The black bear closely misses you. The black bear misses you.
You shoot a sling bullet.
The sling bullet barely misses the black bear.
The black bear bites you! The black bear claws you.
The black bear claws you but does no damage.
You shoot a sling bullet.
The sling bullet closely misses the black bear.
The black bear bites you! The black bear closely misses you.
The black bear misses you. The black bear barely misses you.
You furiously retaliate!
You headbutt the black bear. The black bear claws you. x2
2179 ||| DRINKING potion of heal wounds.
You feel much better. The black bear bites you. The black bear claws you.
The black bear barely misses you. The black bear misses you.
You furiously retaliate!
You headbutt the black bear. The black bear misses you.
The black bear claws you.
You shoot a sling bullet.
The sling bullet hits the black bear but does no damage.
The black bear is almost dead.
The black bear bites you!
You die...

#.........#
#.........###
#............
#..........#
#..........#
#..........#
.####.(........#
......h@.......#
.####.........<#########
###..########.......
.#######.########.#####%
........................
.#######..........#####.
#...######## #. #.#...##
#. ###......# #.


You could see a black bear (berserk).

Vanquished Creatures
  A scorpion (D:3)
  2 adders
  2 dart slugs
  An orc (D:3)
  4 endoplasms
  3 giant cockroaches
  3 hobgoblins
  6 kobolds
  3 quokkas
  6 ball pythons
  5 bats
  6 frilled lizards
  6 goblins
  3 rats
51 creatures vanquished.

Notes
Turn   | Place    | Note
-------+----------+-------------------------------------------
     0 | D:1      | qw the Minotaur Hexslinger began the quest for the Orb.
     0 | D:1      | Reached XP level 1. HP: 16/16 MP: 1/1
     0 | D:1      | 0 ||| qw: Version: 0.3-a-51-g015441d
     0 | D:1      | 0 ||| qw: Game counter: 4241
     0 | D:1      | 0 ||| qw: Melee chars always use a shield: true
     0 | D:1      | 0 ||| qw: God list: Okawaru
     0 | D:1      | 0 ||| qw: Allow faded altars: false
     0 | D:1      | 0 ||| qw: Do Orc after clearing Dungeon:15 true
     0 | D:1      | 0 ||| qw: Do second Lair branch before Depths: true
     0 | D:1      | 0 ||| qw: Lair rune preference: random
     0 | D:1      | 0 ||| qw: Goals: Normal
     0 | D:1      | 0 ||| PLANNING D:1-11
    46 | D:1      | Reached skill level 3 in Ranged Weapons
    85 | D:1      | Reached XP level 2. HP: 23/23 MP: 2/2
   939 | D:1      | 939 ||| DROPPING scarf of harm.
   940 | D:1      | 940 ||| UPGRADING to amulet of guardian spirit.
   945 | D:1      | 945 ||| READING 2 scrolls labelled EROOSA ACYOSTRU.
   946 | D:1      | 946 ||| READING 2 scrolls labelled REMAES HUDWIFEUR.
   947 | D:1      | 947 ||| DRINKING 2 amethyst potions.
   948 | D:1      | 948 ||| DRINKING 2 murky blue potions.
   949 | D:1      | 949 ||| DROPPING scroll of fog.
   950 | D:1      | 950 ||| DROPPING scroll of poison.
   951 | D:1      | 951 ||| DROPPING scroll of revelation.
  1074 | D:2      | Reached XP level 3. HP: 19/29 MP: 3/3
  1074 | D:2      | 1074 ||| FLEEEEING.
  1075 | D:2      | 1075 ||| FLEEEEING.
  1076 | D:2      | 1076 ||| FLEEEEING.
  1078 | D:2      | 1078 ||| STAIRDANCE
  1146 | D:1      | 1146 ||| UPGRADING to +0 pair of gloves.
  1151 | D:1      | 1151 ||| READING scroll labelled AVUESCH EBACUF.
  1366 | D:2      | Reached skill level 4 in Ranged Weapons
  1677 | D:2      | 1677 ||| UPGRADING to ring of protection from cold.
  1678 | D:2      | 1678 ||| READING scroll labelled TUUBOG RUFFAOZ.
  1679 | D:2      | 1679 ||| READING scroll labelled QEITID QIFOL.
  1680 | D:2      | 1680 ||| READING scroll labelled DADEDET SAUDGH.
  1723 | D:3      | Found Omid's General Store.
  2012 | D:3      | Reached XP level 4. HP: 26/36 MP: 2/4
  2060 | D:3      | Noticed a scorpion
  2073 | D:3      | Killed a scorpion
  2074 | D:3      | Reached skill level 5 in Ranged Weapons
  2074 | D:3      | 2074 ||| DRINKING potion of curing.
  2074 | D:3      | 2074 ||| (to cure poison)
  2168 | D:3      | Noticed a black bear
  2178 | D:3      | HP: 6/36 [black bear (9)]
  2178 | D:3      | HP: 1/36 [black bear (4)]
  2179 | D:3      | 2179 ||| DRINKING potion of heal wounds.
  2180 | D:3      | Slain by a black bear

Levels and vault maps discovered:
D:1:      denvon_arrival_waterhouse, layout_loops_corners
D:2:      layout_loops_ring, minmay_tromino_v4_c
D:3:      layout_basic, hellmonk_ecumenical_altar_heavens_door, serial_shops,
          shop, st_stairs_7, solitary_fountain

Skill      XL: |  1  2  3  4 |
---------------+-------------+-----
Ranged Weapons | 3 4 5 |  5.4
Fighting       | 2 |  2.0
Dodging        | |  2.1
Spellcasting   | |  1.0
Hexes          | |  2.0

Action                     |  1- 3 |  4- 6 || total
---------------------------+-------+-------++-------
   Fire: Sling             |   120 |    23 ||   143
    Use: Scroll            |     6 |       ||     6
         Potion            |     2 |     2 ||     4
 Armour: Robe              |     9 |     5 ||    14
  Dodge: Dodged            |    30 |    17 ||    47

Table legend:
 A = Non-vault XP
 B = Vault XP
 C = Vault XP percentage of total XP
 D = Non-vault monster count
 E = Vault monster count
 F = Vault count percentage of total count
                 A         B        C        D         E       F
            +---------+---------+-------+---------+---------+-------
      Total |     170 |      17 |   9.1 |      48 |       3 |   5.9
            +---------+---------+-------+---------+---------+-------
        D:1 |      35 |       0 |   0.0 |      23 |       0 |   0.0
        D:2 |      27 |      15 |  35.7 |      16 |       2 |  11.1
        D:3 |     108 |       2 |   1.8 |       9 |       1 |  10.0
            +---------+---------+-------+---------+---------+-------
